 Dungeon Crawl Stone Soup version 0.27-a0-978-g2aa4ecdaef (webtiles) character file.

Game seed: 8568896303929409246

392 tardwrangler69 the Digger (level 6, -4/45 HPs)
             Began as a Draconian Earth Elementalist on Apr 14, 2021.
             Slain by Duvessa
             ... wielding a +0 short sword
              (11 damage)
             ... on level 4 of the Dungeon.
             The game lasted 00:06:07 (5175 turns).

tardwrangler69 the Digger (DrEE)                    Turns: 5175, Time: 00:06:08

Health: -4/45      AC:  6    Str: 11    XL:     6   Next: 50%
Magic:  12/12      EV: 12    Int: 17    God:
Gold:   7          SH:  0    Dex: 11    Spells: 2/13 levels left

rFire    . . .     SeeInvis .   c - +1 whip
rCold    . . .     Faith    .   (no shield)
rNeg     . . .     Spirit   .   (armour unavailable)
rPois    .         Reflect  .   (helmet restricted)
rElec    .         Harm     .   q - scarf {repulsion}
rCorr    .         Rampage  .   (no gloves)
Will     .....                  (no boots)
Stlth    ++........             (no amulet)
HPRegen  0.15/turn              (no ring)
MPRegen  0.13/turn              (no ring)

@: weak-willed, very slightly contaminated, invisible, repel missiles
A: AC +6, unfitting armour, cold-blooded
a: no special abilities


You were on level 4 of the Dungeon.
You visited 1 branch of the dungeon, and saw 4 of its levels.

You collected 105 gold pieces.
You spent 98 gold pieces at shops.

Inventory:

Hand Weapons
 c - a +1 whip (weapon)
Missiles
 b - 117 stones
 n - 30 poisoned darts
 s - 8 atropa-tipped darts
Armour
 g - a +1 cloak
 q - a scarf of repulsion (worn)
Jewellery
 a - a +6 ring of intelligence
Scrolls
 h - a scroll of enchant weapon
 j - a scroll of blinking
 p - a scroll of teleportation
 r - a scroll of identify
Potions
 k - 2 potions of ambrosia
 l - a potion of cancellation {unknown}
 o - a potion of mutation {unknown}
 t - a potion of heal wounds {unknown}
 u - a potion of lignification {unknown}


   Skills:
 - Level 1.7 Dodging
 - Level 1.7 Stealth
 + Level 4.0 Spellcasting
 - Level 1.0 Transmutations
 * Level 6.3 Earth Magic


You had 2 spell levels left.
You knew the following spells:

 Your Spells              Type           Power      Damage    Failure   Level
a - Sandblast             Erth           48%        2d12      1%          1
b - Stone Arrow           Conj/Erth      28%        3d8       13%         3
c - Passwall              Tmut/Erth      12%        N/A       5%          2
d - Lee's Rapid Deconstr  Erth           12%        3d9*      32%         5

Your spell library contained the following spells:

 Spells                   Type           Power      Damage    Failure   Level
 Shock                    Conj/Air       12%        1d3       16%         1
 Static Discharge         Conj/Air       3%         N/A       24%         2
 Petrify                  Tmut/Erth      15%        N/A       34%         4
 Swiftness                Air            3%         N/A       43%         3
 Airstrike                Air            1%         N/A       83%         4
 Lightning Bolt           Conj/Air       1%         1d12      99%         5


Dungeon Overview and Level Annotations

Branches:
Dungeon (4/15)
 Temple: D:4-7

Altars:
Ashenzari

Shops:
D:4 (?[*

Annotations:
D:4 Duvessa


Innate Abilities, Weirdness & Mutations

Your plain brown scales are hard. (AC +6)
You cannot fit into any form of body armour.
You are cold-blooded and may be slowed by cold attacks.


Message History

It is a scroll of enchant weapon.
Your +0 whip glows red for a moment.
As you read the scroll labelled WIGHUM OPOGUECULE, it crumbles to dust.
The air around you briefly surges with heat, but it dissipates.
It was a scroll of immolation.
As you read the scroll labelled TEWNAFU MIOZYH, it crumbles to dust.
It is a scroll of enchant armour.
Your +0 cloak glows green for a moment.
As you read the scroll labelled IMA UH ETHRU, it crumbles to dust.
You assume a fearsome visage.
Nothing appears to happen.
It was a scroll of fear.
As you read the scroll labelled CUETHATIER, it crumbles to dust.
Magic quickly surges around you.
It was a scroll of vulnerability.
As you read the scroll labelled XUCOPN ERGHEZO, it crumbles to dust.
You feel strangely unstable.
It was a scroll of teleportation.
As you read the scroll labelled LIOREU GISADGHUHUI, it crumbles to dust.
It is a scroll of identify.
k - 2 potions of ambrosia Your surroundings suddenly seem different.
The gnoll shouts! x2; You hear a shout!
Duvessa, Sister of Dowan comes into view.
She is wielding a +0 short sword and carrying a wand of polymorph (12).
There are monsters nearby!
There are monsters nearby!
As you read the scroll of teleportation, it crumbles to dust.
You feel strangely unstable.
Duvessa goes berserk!
The gnoll hits you from afar with a +0 spear.
The gnoll hits you with a +0 flail.
Your surroundings seem slightly different.
Duvessa hits you with a +0 short sword. Duvessa hits you with a +0 short sword!
* * * LOW HITPOINT WARNING * * *
Blink to where?
Press: ? - help, Dir - move target
As you read the scroll of blinking, it crumbles to dust.
You hear a shout!
Okay, then.
Unknown command.
You fade into invisibility!
You are very lightly contaminated with residual magic.
Duvessa hits you with a +0 short sword!
You die...

#...#.....#.# ##.##.#
#.#...#####.# ######...#.#
#.##........# ##..........#
#####.##.#.####.###...###>..###
........###.# #.....#......##
#####...>#.## #.<#.###.########
#######.##..## #...## ##........
......#.##..#####..#.###.########
...............e@..##.#.##
.....##......#####.###.##
ยง.......##...### #)# #.#
.....###.......###.# #.#
...................# #.#
...#####.......#######.# ####
###.............# #..>###########
#####


You could see Duvessa (berserk).

Vanquished Creatures
  An ogre (D:4)
  Dowan (D:4)
  A jelly (D:4)
  A bullfrog skeleton (D:2)
  Terence (D:2)
  2 orc wizards
  4 adders
  3 gnolls
  2 adder skeletons (D:4)
  2 worms (D:3)
  An orc (D:4)
  8 ball pythons
  2 endoplasms
  3 giant cockroaches
  4 goblins
  4 hobgoblins
  A quokka (D:2)
  5 bats
  2 frilled lizards (D:3)
  4 kobolds
  5 rats
57 creatures vanquished.

Notes
Turn   | Place    | Note
-------+----------+-------------------------------------------
     0 | D:1      | tardwrangler69 the Draconian Earth Elementalist began the
                  | quest for the Orb.
     0 | D:1      | Reached XP level 1. HP: 14/14 MP: 3/3
   360 | D:1      | Reached XP level 2. HP: 20/20 MP: 1/5
   840 | D:2      | Reached skill level 4 in Earth Magic
   840 | D:2      | Reached XP level 3. HP: 7/26 MP: 3/6
  1585 | D:2      | Noticed Terence
  2271 | D:2      | Reached XP level 4. HP: 33/33 MP: 8/8
  2673 | D:2      | Killed Terence
  3093 | D:3      | Found a faded altar of an unknown god.
  3197 | D:3      | Found a broken altar of Ashenzari.
  3789 | D:3      | Reached skill level 5 in Earth Magic
  3789 | D:3      | Reached XP level 5. HP: 33/38 MP: 9/9
  4576 | D:4      | Noticed Dowan
  4577 | D:4      | Noticed an ogre
  4609 | D:4      | Killed Dowan
  4610 | D:4      | Reached XP level 6. HP: 44/45 MP: 7/11
  4620 | D:4      | Reached skill level 6 in Earth Magic
  4624 | D:4      | Learned a level 3 spell: Stone Arrow
  4627 | D:4      | Learned a level 2 spell: Passwall
  4633 | D:4      | Learned a level 5 spell: Lee's Rapid Deconstruction
  4909 | D:4      | Found Dudghas's Magic Scroll Shoppe.
  4914 | D:4      | Found Guoxkor's Assorted Antiques.
  4941 | D:4      | Found Icukuc's Armour Shoppe.
  4941 | D:4      | Found Ywimmubi's Weapon Shoppe.
  4956 | D:4      | Bought a scroll of blinking for 75 gold pieces
  4962 | D:4      | Bought a scroll labelled CUETHATIER for 23 gold pieces
  5159 | D:4      | Noticed Duvessa
  5175 | D:4      | Slain by Duvessa

Illustrated notes

Levels and vault maps discovered:
D:1:      psy_arrival_statuary, layout_basic
D:2:      layout_basic, uniq_terence
D:3:      layout_basic, overflow_temple_1_default,
          shapermc_ecumenical_altar_starsandcircs
D:4:      layout_loops_ring, mrwooster_statue_mirror, grunt_decor_cap,
          minmay_shop_grid_forest, uniq_duvessa

Skill      XL: |  1  2  3  4  5  6 |
---------------+-------------------+-----
Earth Magic    | 4 5 6 |  6.3
Spellcasting   | 3 4 |  4.0
Dodging        | |  1.7
Stealth        | |  1.7
Transmutations | |  1.0

Action                   |  1- 3 |  4- 6 || total
-------------------------+-------+-------++-------
Melee: Whip              |    88 |   153 ||   241
       Unarmed           |     5 |       ||     5
       Tailslap          |     9 |    15 ||    24
Throw: Dart              |       |     7 ||     7
 Cast: Sandblast         |    13 |    35 ||    48
  Use: Potion            |     1 |     1 ||     2
       Scroll            |       |    13 ||    13
 Stab: Sleeping          |     5 |     3 ||     8
Armor: Skin              |    31 |    66 ||    97
Dodge: Dodged            |    77 |   114 ||   191

Table legend: (Time is in decaauts)
 A = Elapsed time spent in this place.
 B = Non-inter-level travel time spent in this place.
 C = Inter-level travel time spent in this place.
 D = Time resting spent in this place.
 E = Time spent auto-exploring this place.
 F = Levels seen in this place.
 G = Mean time per level.
                   A        B        C        D        E       F      G
               +--------+--------+--------+--------+--------+-----+--------+
         Total |   5202 |   5012 |    190 |    365 |   3816 |   4 | 1300.5 |
       Dungeon |   5202 |   5012 |    190 |    365 |   3816 |   4 | 1300.5 |
               +--------+--------+--------+--------+--------+-----+--------+

Top non-repeatable levels by time:
     D:2: 1759 daAuts
     D:3: 1534 daAuts
     D:1: 1146 daAuts
     D:4: 761 daAuts
